[Event "Titled Tuesday Blitz March 07 Late 2023"]
[White "Skaric, Djuro"]
[Black "Preotu, Razvan"]
[WhiteFideId "934569"]
[BlackFideId "2613280"]
[WhiteElo "2282"]
[BlackElo "2407"]
[Result "0-1"]
[Round "02"]
[TimeControl "180+2"]
[Date "2023.03.07"]
[WhiteClock "0:01:01"]
[BlackClock "0:00:08"]

1. g3 c5 2. Bg2 Nc6 3. d3 d5 4. Nc3 d4 5. Ne4 e5 6. Nf3 Be7 7. O-O f5 8. Ned2 Be6 9. c3 Nf6 10. cxd4 exd4 11. Ng5 Bd5 12. Ndf3 h6 13. Nh3 g5 14. Nd2 Bxg2 15. Kxg2 Qd5+ 16. Kg1 O-O-O 17. Nc4 f4 18. e4 dxe3 19. fxe3 fxg3 20. hxg3 Qxd3 21. Qxd3 Rxd3 22. b3 Ne4 23. Bb2 Rhd8 24. Kg2 b5 25. Ne5 Nxe5 26. Bxe5 Rxe3 27. Rae1 Rd2+ 28. Kh1 Nxg3+ 29. Bxg3 Rxg3 30. Rxe7 Rxh3+ 31. Kg1 Rg3+ 32. Kh1 Rd7 33. Re5 Rc3 34. Rf6 Rc2 35. Re1 Kc7 36. Rxh6 Rxa2 37. Rg6 Rb2 38. Rxg5 Rxb3 39. Rxc5+ Kb6 40. Rc8 a5 41. Re6+ Kb7 42. Ree8 a4 43. Ra8 Kc6 44. Re6+ Kc5 45. Rc8+ Kb4 46. Re5 Ka3 47. Rb8 b4 48. Reb5 Rd2 49. Rg5 Rb1+ 50. Rg1 Rxg1+ 51. Kxg1 b3 52. Kf1 b2 53. Ke1 Rd3 54. Ke2 Rb3 55. Rb7 Rxb7 0-1


[Site "https://www.chess.com"]

[Event "Titled Tuesday Blitz March 07 Late 2023"]
[White "Torres Dominguez, David"]
[Black "Diaz Perez, Michel Alejandro"]
[WhiteFideId "2220857"]
[BlackFideId "3517179"]
[WhiteElo "1999"]
[BlackElo "2333"]
[Result "0-1"]
[Round "02"]
[TimeControl "180+2"]
[Date "2023.03.07"]
[WhiteClock "0:00:02"]
[BlackClock "0:00:24"]

1. e4 d5 2. d3 dxe4 3. dxe4 Qxd1+ 4. Kxd1 Nf6 5. f3 e5 6. Be3 Be6 7. Nd2 Nbd7 8. Bc4 Bc5 9. Bxe6 fxe6 10. Ke2 Ke7 11. Nb3 Bb6 12. Nh3 h6 13. Nf2 Rhg8 14. a4 g5 15. a5 Bxe3 16. Kxe3 g4 17. fxg4 Nxg4+ 18. Nxg4 Rxg4 19. g3 Nf6 20. Nd2 h5 21. Raf1 h4 22. Rf3 Rag8 23. gxh4 Rxh4 24. h3 Rg2 25. Rhf1 Ne8 26. Rf7+ Kd8 27. R7f3 Nd6 28. b3 a6 29. Rf8+ Kd7 30. R8f3 Kc6 31. c4 Kc5 32. Rc1 Rh2 0-1


[Site "https://www.chess.com"]

[Event "Titled Tuesday Blitz March 07 Late 2023"]
[White "Hernandez Gonzalez, William"]
[Black "Rose, Felix"]
[WhiteFideId "3509915"]
[BlackFideId "5105722"]
[WhiteElo "2374"]
[BlackElo "2039"]
[Result "1-0"]
[Round "02"]
[TimeControl "180+2"]
[Date "2023.03.07"]
[WhiteClock "0:00:51"]
[BlackClock "0:00:09"]

1. d4 d5 2. c4 e6 3. Nf3 Nf6 4. g3 dxc4 5. Bg2 a6 6. a4 Nc6 7. O-O Rb8 8. Nc3 Be7 9. e4 O-O 10. e5 Nd5 11. Qc2 Ncb4 12. Qe2 b5 13. axb5 axb5 14. Ne4 Bb7 15. Bg5 h6 16. Bxe7 Nxe7 17. Rfd1 Ra8 18. Rxa8 Qxa8 19. Nc5 Bd5 20. h4 Nf5 21. g4 Ne7 22. h5 f5 23. Nh4 Bxg2 24. Nxg2 Qc6 25. Nf4 fxg4 26. Qxg4 Nd3 27. Nfxe6 Nxc5 28. Qxg7# 1-0


[Site "https://www.chess.com"]

[Event "Titled Tuesday Blitz March 07 Late 2023"]
[White "Ozer, Omer Faruk"]
[Black "Munoz Misselis, Nelson Carlos"]
[WhiteFideId "6354564"]
[BlackFideId "6601790"]
[WhiteElo "2260"]
[BlackElo "1749"]
[Result "1-0"]
[Round "02"]
[TimeControl "180+2"]
[Date "2023.03.07"]
[WhiteClock "0:02:01"]
[BlackClock "0:01:50"]

1. d4 d6 2. c4 Nf6 3. Nf3 g6 4. Nc3 Bg7 5. Bg5 h6 6. Bh4 O-O 7. e3 c6 8. Be2 Na6 9. O-O Nc7 10. Qc2 Re8 11. Rfd1 g5 12. Bg3 Bg4 13. h3 Bh5 14. b4 a6 15. a4 Bg6 16. Qb3 Qc8 17. c5 d5 18. Ne5 Bh7 19. b5 axb5 20. axb5 Nd7 21. Rxa8 Nxa8 22. Nxd7 Qxd7 23. Ra1 Nc7 24. Ra7 Ra8 25. Rxb7 Ra1+ 26. Kh2 cxb5 27. Rxc7 Qf5 28. Qxd5 e6 29. Rc8+ Bf8 30. Qd8 1-0


[Site "https://www.chess.com"]

[Event "Titled Tuesday Blitz March 07 Late 2023"]
[White "Kramnik, Vladimir"]
[Black "Gurevich, Ilya"]
[WhiteFideId "4101588"]
[BlackFideId "2000628"]
[WhiteElo "2712"]
[BlackElo "2152"]
[Result "1-0"]
[Round "02"]
[TimeControl "180+2"]
[Date "2023.03.07"]
[WhiteClock "0:00:52"]
[BlackClock "0:00:02"]

1. d4 Nf6 2. Nf3 g6 3. Bg5 Bg7 4. Nbd2 d5 5. e3 O-O 6. Bd3 c5 7. c3 b6 8. O-O Bb7 9. a4 a5 10. Qb1 Nbd7 11. Rd1 Qc7 12. Bf4 Qd8 13. h3 Re8 14. Bb5 Ba6 15. dxc5 Bxb5 16. axb5 Nxc5 17. Nd4 e5 18. Nc6 Qd6 19. Nc4 Qe6 20. N4xe5 Nh5 21. Bh2 Ne4 22. Nd4 Qc8 23. Nef3 Nhf6 24. Qc2 Qd7 25. Ne5 Qc8 26. Nec6 Nd7 27. Ne2 Ndf6 28. Nf4 Qf5 29. Nd4 Qd7 30. Qe2 Rad8 31. Nc6 Rc8 32. c4 Nc5 33. Nxd5 Nxd5 34. Rxd5 Qe6 35. Rad1 Na4 36. R1d2 Nc5 37. Be5 Qf5 38. Bxg7 Qb1+ 39. Rd1 Qxd1+ 40. Rxd1 Kxg7 41. Qf3 Re6 42. Qf4 Rf6 43. Qe5 a4 44. Rd6 Ne6 45. g4 a3 46. bxa3 h6 47. h4 g5 48. f4 Ra8 49. hxg5 hxg5 50. fxg5 Kg8 51. Qxf6 Nf4 52. exf4 Re8 53. Rd8 Rf8 54. Ne7+ Kh7 55. Qh6# 1-0


[Site "https://www.chess.com"]

[Event "Titled Tuesday Blitz March 07 Late 2023"]
[White "Golubka, Petro"]
[Black "Karas, Marek"]
[WhiteFideId "14114224"]
[BlackFideId "14928558"]
[WhiteElo "2391"]
[BlackElo "2233"]
[Result "1-0"]
[Round "02"]
[TimeControl "180+2"]
[Date "2023.03.07"]
[WhiteClock "0:00:18"]
[BlackClock "0:00:10"]

1. e4 e6 2. Qe2 c5 3. f4 Nc6 4. Nf3 Nf6 5. d3 d5 6. g3 Be7 7. Bg2 b6 8. O-O Bb7 9. e5 Nd7 10. c4 dxc4 11. dxc4 Qc7 12. Nc3 a6 13. Be3 O-O 14. Rad1 Rfd8 15. Rd2 Nf8 16. Rfd1 Rxd2 17. Rxd2 Rd8 18. Qd1 Rxd2 19. Qxd2 Qd7 20. Qxd7 Nxd7 21. Kf2 Na5 22. b3 Bc6 23. Bf1 Kf8 24. Bd3 h6 25. h4 Ke8 26. h5 Bb7 27. g4 Nc6 28. Be4 Nd8 29. Ke2 Bxe4 30. Nxe4 Nc6 31. Bd2 b5 32. Kd3 Kd8 33. Bc3 Kc7 34. f5 Bf8 35. f6 Kd8 36. g5 gxf6 37. exf6 hxg5 38. Nexg5 Ke8 39. Ne4 b4 40. Bd2 Nde5+ 41. Nxe5 Nxe5+ 42. Ke2 Ng4 43. Kf3 Ne5+ 44. Kg3 a5 45. h6 Bxh6 46. Bxh6 Nd3 47. Be3 a4 48. Nxc5 axb3 49. axb3 Nb2 50. Bd4 1-0


[Site "https://www.chess.com"]

[Event "Titled Tuesday Blitz March 07 Late 2023"]
[White "Iskusnyh, Sergei"]
[Black "Rostomyan, Mikayel"]
[WhiteFideId "4120027"]
[BlackFideId "13313754"]
[WhiteElo "2492"]
[BlackElo "2009"]
[Result "1-0"]
[Round "02"]
[TimeControl "180+2"]
[Date "2023.03.07"]
[WhiteClock "0:00:19"]
[BlackClock "0:00:03"]

1. d4 Nf6 2. c4 e6 3. g3 d5 4. Bg2 dxc4 5. Nf3 c5 6. O-O Nc6 7. dxc5 Qxd1 8. Rxd1 Bxc5 9. Nbd2 c3 10. bxc3 O-O 11. Nb3 Be7 12. Nfd4 Bd7 13. Nxc6 Bxc6 14. Bxc6 bxc6 15. c4 a5 16. Bd2 Bb4 17. Nd4 Ne4 18. Be3 Nc3 19. Rd2 c5 20. Nc6 Ne4 21. Rc2 Ra6 22. Ne7+ Kh8 23. Rd1 a4 24. f3 Nc3 25. Rd7 a3 26. Kf1 h6 27. g4 Kh7 28. h4 Re8 29. g5 hxg5 30. hxg5 Raa8 31. Kf2 Rad8 32. Rc1 Rxd7 33. Rh1# 1-0


[Site "https://www.chess.com"]

[Event "Titled Tuesday Blitz March 07 Late 2023"]
[White "Backsten, Jan"]
[Black "Gascon Del Nogal, Jose Rafael"]
[WhiteFideId "1735381"]
[BlackFideId "3902463"]
[WhiteElo "1939"]
[BlackElo "2473"]
[Result "0-1"]
[Round "02"]
[TimeControl "180+2"]
[Date "2023.03.07"]
[WhiteClock "0:00:03"]
[BlackClock "0:00:01"]

1. e4 c5 2. Nf3 d6 3. d4 cxd4 4. Nxd4 Nf6 5. Nc3 Nc6 6. Bg5 e6 7. Qd2 a6 8. O-O-O Bd7 9. f3 Nxd4 10. Qxd4 Be7 11. Kb1 Qc7 12. Be3 h5 13. Bg5 b5 14. a3 Rb8 15. Be2 a5 16. Bxf6 gxf6 17. b4 Rg8 18. g3 Bf8 19. f4 Bc6 20. Bxh5 f5 21. exf5 Bxh1 22. fxe6 Bg7 23. exf7+ Kf8 24. fxg8=Q+ Kxg8 25. Nd5 Bxd5 26. Qxd5+ Kh8 27. Qxd6 Qc3 28. Qxb8+ Kh7 29. Kc1 Qe3+ 30. Rd2 Qe1+ 31. Rd1 Qe3+ 32. Rd2 Qe1+ 33. Bd1 Qe3 34. Qxb5 Qxa3+ 0-1


[Site "https://www.chess.com"]

[Event "Titled Tuesday Blitz March 07 Late 2023"]
[White "Oro, Faustino"]
[Black "Vargas Rodriguez, Wilver"]
[WhiteFideId "20000197"]
[BlackFideId "3509672"]
[WhiteElo "1984"]
[BlackElo "2238"]
[Result "1-0"]
[Round "02"]
[TimeControl "180+2"]
[Date "2023.03.07"]
[WhiteClock "0:00:29"]
[BlackClock "0:00:01"]

1. e4 c5 2. Nf3 d6 3. Bb5+ Bd7 4. Bxd7+ Qxd7 5. O-O Nc6 6. Re1 g6 7. c3 Bg7 8. d4 cxd4 9. cxd4 d5 10. e5 e6 11. Nc3 Nge7 12. Bg5 h6 13. Be3 O-O 14. Qd2 Kh7 15. Ne2 Rfc8 16. Ng3 a5 17. Rec1 Rc7 18. h4 Rac8 19. h5 Nb4 20. hxg6+ fxg6 21. a3 Nc2 22. Rab1 Nxe3 23. fxe3 Rxc1+ 24. Rxc1 Rxc1+ 25. Qxc1 Qc6 26. Qd2 a4 27. Ne1 Nf5 28. Ne2 h5 29. Nd3 Bh6 30. Nef4 Qb6 31. Nc5 Bxf4 32. exf4 Qc6 33. Qb4 b5 34. Kf2 h4 35. Qc3 Qc8 36. Nxa4 Qxc3 37. Nxc3 Kh6 38. Nxb5 Kh5 39. Kf3 g5 40. fxg5 Kxg5 41. a4 Ne7 42. a5 Nc6 43. a6 Nb4 44. a7 Nd3 45. a8=Q Nxb2 46. Qg8+ Kh5 47. Qh7+ Kg5 48. Qg7+ Kh5 49. Nd6 1-0


[Site "https://www.chess.com"]

[Event "Titled Tuesday Blitz March 07 Late 2023"]
[White "Melikhov, Evgeny V."]
[Black "Poliakova, Varvara"]
[WhiteFideId "4122046"]
[BlackFideId "13518313"]
[WhiteElo "2158"]
[BlackElo "2075"]
[Result "1-0"]
[Round "02"]
[TimeControl "180+2"]
[Date "2023.03.07"]
[WhiteClock "0:00:40"]
[BlackClock "0:00:44"]

1. d4 f5 2. e4 d6 3. Nc3 Nf6 4. exf5 Bxf5 5. Bd3 Bxd3 6. Qxd3 g6 7. Bg5 Bg7 8. O-O-O O-O 9. h4 Nc6 10. Nf3 Qd7 11. a3 Qf5 12. Qxf5 gxf5 13. d5 Ng4 14. dxc6 Nxf2 15. Nd5 Nxh1 16. Rxh1 e5 17. cxb7 Rab8 18. Nxc7 Rxb7 19. Ne6 Rfb8 20. b3 e4 21. Nxg7 exf3 22. Nxf5 fxg2 23. Rg1 Rf7 24. Ne3 Rf2 25. Rxg2 Rxg2 26. Nxg2 Kf7 27. Nf4 Rh8 28. Nd5 Ke6 29. c4 h6 30. Be3 a5 31. Kc2 Rg8 32. Bxh6 Rg2+ 33. Kd3 Rg3+ 34. Be3 Ke5 35. h5 Rh3 36. h6 Kf5 37. b4 axb4 38. axb4 Rh1 39. b5 Ke6 40. b6 Kf7 41. b7 Rb1 42. Bb6 1-0


[Site "https://www.chess.com"]

[Event "Titled Tuesday Blitz March 07 Late 2023"]
[White "Fajdetic, Hrvoje"]
[Black "Musovic, Armin"]
[WhiteFideId "14501945"]
[BlackFideId "939935"]
[WhiteElo "2185"]
[BlackElo "2321"]
[Result "1/2-1/2"]
[Round "02"]
[TimeControl "180+2"]
[Date "2023.03.07"]
[WhiteClock "0:00:05"]
[BlackClock "0:00:59"]

1. d4 d5 2. Bf4 c5 3. e3 Nc6 4. Nc3 cxd4 5. exd4 a6 6. Nce2 Qb6 7. Rb1 Bf5 8. Ng3 Bg6 9. Nf3 e6 10. h4 Nf6 11. h5 Be4 12. Nxe4 dxe4 13. Ng5 h6 14. Nh3 Qxd4 15. Be3 Qxd1+ 16. Rxd1 e5 17. Bc4 Bb4+ 18. c3 Ba5 19. Bc5 Rd8 20. Rxd8+ Bxd8 21. O-O Be7 22. Bb6 Nd7 23. Be3 Bc5 24. Rd1 Bxe3 25. fxe3 Nf6 26. Nf2 Ke7 27. b4 Rc8 28. Bd5 Rd8 29. Bb3 Rxd1+ 30. Bxd1 Kd6 31. Bc2 Nxh5 32. Nxe4+ Kc7 33. Bb3 f5 34. Nc5 Nd8 35. Kf2 Kc6 36. Nd3 Kd6 37. c4 b6 38. a4 e4 39. c5+ bxc5 40. Nxc5 a5 41. Na6 axb4 42. Nxb4 Nb7 43. Bf7 Nf6 44. Kg3 g5 45. Bg6 Ke6 46. Nc6 h5 47. Nd4+ Ke5 48. Bxf5 h4+ 49. Kh3 Na5 50. Bc8 Nd5 51. Ba6 Nxe3 52. Ne2 Nf5 53. g3 hxg3 54. Nxg3 Nxg3 55. Kxg3 Kd4 56. Kg4 e3 57. Be2 Ke4 58. Kxg5 Nb3 59. Kf6 Nd4 60. Bf1 Kf3 61. Ke5 Nc6+ 62. Kd6 Na5 63. Kc5 Kf2 64. Bd3 Ke1 65. Kb5 Kd2 66. Bf1 Nb3 67. a5 Nxa5 68. Kxa5 e2 69. Bxe2 1/2-1/2


[Site "https://www.chess.com"]

[Event "Titled Tuesday Blitz March 07 Late 2023"]
[White "Battlecruiser_Operational"]
[Black "Ozates, Tuna"]
[BlackFideId "6354521"]
[WhiteElo "2253"]
[BlackElo "2151"]
[Result "0-1"]
[Round "02"]
[TimeControl "180+2"]
[Date "2023.03.07"]
[WhiteClock "0:00:01"]
[BlackClock "0:00:18"]

1. Nf3 c5 2. e3 g6 3. c4 Bg7 4. d4 Nf6 5. Nc3 O-O 6. Be2 d6 7. O-O Nc6 8. d5 Nb8 9. e4 e6 10. h3 exd5 11. cxd5 Re8 12. Qc2 Na6 13. a3 Nc7 14. Bg5 h6 15. Bh4 Rb8 16. Rfe1 b5 17. b4 c4 18. Bf1 g5 19. Bg3 Nh5 20. Bh2 g4 21. hxg4 Bxg4 22. Nd2 Bd4 23. Ne2 Bxa1 24. Rxa1 Qf6 25. Re1 Bxe2 26. Rxe2 Nf4 27. Re3 Ng6 28. Rf3 Qg7 29. Bxd6 Rbc8 30. Bc5 Red8 31. Rg3 a6 32. Nf3 Ne8 33. Nd4 Qe5 34. Nc6 Rxc6 35. dxc6 Nf6 36. Bb6 Rc8 37. c7 Qd6 38. e5 Qxe5 39. Rxg6+ fxg6 40. Qxg6+ Kh8 41. Qxh6+ Nh7 42. Be3 Rxc7 43. Bf4 Qg7 44. Qxa6 Rf7 45. Bc1 Qd4 46. Qxb5 Qxf2+ 47. Kh2 Qxf1 48. Bb2+ Nf6 49. Qh5+ Rh7 50. Bxf6+ Qxf6 0-1


[Site "https://www.chess.com"]

[Event "Titled Tuesday Blitz March 07 Late 2023"]
[White "Naroditsky, Daniel"]
[Black "Moral Garcia, Serafin"]
[WhiteFideId "2026961"]
[BlackFideId "2201925"]
[WhiteElo "2633"]
[BlackElo "2254"]
[Result "1-0"]
[Round "02"]
[TimeControl "180+2"]
[Date "2023.03.07"]
[WhiteClock "0:02:35"]
[BlackClock "0:00:32"]

1. e4 e5 2. Nf3 Nf6 3. Nc3 Nc6 4. g3 Bc5 5. Bg2 d6 6. d3 a6 7. O-O O-O 8. h3 h6 9. Kh2 Be6 10. Nd2 d5 11. f4 exf4 12. gxf4 dxe4 13. dxe4 Re8 14. e5 Nd5 15. Nxd5 Bxd5 16. Ne4 Bxe4 17. Bxe4 Qxd1 18. Rxd1 Rad8 19. Bd2 f6 20. Bc3 fxe5 21. fxe5 Rxd1 22. Rxd1 Nxe5 23. Bxb7 Nf7 24. Bxa6 Nd6 25. Bd3 Rf8 26. Rf1 Ra8 27. a3 Re8 28. b4 Bb6 29. a4 Nf7 30. a5 Ba7 31. b5 Ne5 32. Be2 Bc5 33. Rf5 Bd6 34. Kg2 Nc6 35. Bc4+ 1-0


[Site "https://www.chess.com"]

[Event "Titled Tuesday Blitz March 07 Late 2023"]
[White "Caruana, Fabiano"]
[Black "Souza, Gustavo Horokoski De"]
[WhiteFideId "2020009"]
[BlackFideId "2146584"]
[WhiteElo "2818"]
[BlackElo "1859"]
[Result "1-0"]
[Round "02"]
[TimeControl "180+2"]
[Date "2023.03.07"]
[WhiteClock "0:01:45"]
[BlackClock "0:01:00"]

1. b4 d5 2. Bb2 Nf6 3. e3 e6 4. b5 a6 5. a4 axb5 6. axb5 Rxa1 7. Bxa1 Nbd7 8. Nf3 c5 9. c4 Nb6 10. Na3 Be7 11. Be2 O-O 12. O-O Ne4 13. d3 Nd6 14. Qc2 Bf6 15. cxd5 Nxd5 16. Qxc5 b6 17. Bxf6 Nxf6 18. Qd4 Qc7 19. e4 Rd8 20. Qb2 Nd7 21. Rc1 Qb8 22. Nd4 Bb7 23. Nc6 Bxc6 24. bxc6 Nc5 25. d4 Ncxe4 26. c7 1-0


[Site "https://www.chess.com"]

[Event "Titled Tuesday Blitz March 07 Late 2023"]
[White "Liang, Awonder"]
[Black "sissahungrychess"]
[WhiteFideId "2056437"]
[WhiteElo "2508"]
[BlackElo "2387"]
[Result "1-0"]
[Round "02"]
[TimeControl "180+2"]
[Date "2023.03.07"]
[WhiteClock "0:01:57"]
[BlackClock "0:00:14"]

1. b3 e5 2. Bb2 Nc6 3. e3 Nf6 4. d3 d6 5. Nd2 Bg4 6. Ngf3 Be7 7. h3 Bh5 8. g4 Bg6 9. Bg2 a5 10. a3 Qd7 11. Qe2 h5 12. g5 Nh7 13. h4 Nf8 14. O-O-O Bf5 15. Kb1 Ng6 16. Ne4 a4 17. b4 Bg4 18. c4 O-O 19. Qc2 Rfd8 20. Rd2 Qf5 21. Ng3 Qe6 22. Nh2 Nxh4 23. Bd5 Qd7 24. d4 exd4 25. g6 Bf6 26. gxf7+ Kf8 27. Nxg4 Qxg4 28. Qh7 Qg6+ 29. Qxg6 Nxg6 30. exd4 Nf4 31. Bf3 h4 32. Nh5 Kxf7 33. Nxf4 Ne7 34. Re2 Nf5 35. Bd5+ Kf8 36. Ng6# 1-0


[Site "https://www.chess.com"]

[Event "Titled Tuesday Blitz March 07 Late 2023"]
[White "Zakhartsov, Vladimir"]
[Black "Federzoni, Enzo"]
[WhiteFideId "4145097"]
[BlackFideId "2173301"]
[WhiteElo "2521"]
[BlackElo "2039"]
[Result "1-0"]
[Round "02"]
[TimeControl "180+2"]
[Date "2023.03.07"]
[WhiteClock "0:01:12"]
[BlackClock "0:01:03"]

1. e4 c5 2. Nf3 d6 3. c3 Nf6 4. Bd3 Nc6 5. h3 e5 6. Bc2 d5 7. exd5 Qxd5 8. O-O e4 9. Re1 Be6 10. Nh2 O-O-O 11. Nf1 Bf5 12. Ne3 Qd7 13. Nxf5 Qxf5 14. Qe2 Bd6 15. Bxe4 Qe5 16. g3 Rhe8 17. d3 c4 18. Qf3 Kb8 19. Bf4 Qb5 20. Na3 Qxb2 21. Bxd6+ Rxd6 22. Nxc4 1-0


[Site "https://www.chess.com"]

[Event "Titled Tuesday Blitz March 07 Late 2023"]
[White "Tristan, Leonardo"]
[Black "Senft, Sean"]
[WhiteFideId "113816"]
[BlackFideId "2044960"]
[WhiteElo "2461"]
[BlackElo "1989"]
[Result "1-0"]
[Round "02"]
[TimeControl "180+2"]
[Date "2023.03.07"]
[WhiteClock "0:00:32"]
[BlackClock "0:00:04"]

1. d4 d5 2. Nf3 c6 3. Bf4 Nf6 4. e3 Bg4 5. c4 e6 6. Nc3 a6 7. Qb3 Ra7 8. Ne5 Bf5 9. cxd5 exd5 10. Be2 Be7 11. g4 Be4 12. f3 Bg6 13. h4 h6 14. Nxg6 fxg6 15. Qc2 O-O 16. Qxg6 Ne8 17. Bd3 Bxh4+ 18. Kd2 Bg5 19. Rxh6 Bxh6 20. Bxh6 Rf6 21. Qh7+ Kf7 22. Bg5 Nd7 23. Rh1 Nf8 24. Qh5+ Ke7 25. e4 dxe4 26. Re1 Qxd4 27. Rxe4+ Qxe4 28. Nxe4 b5 29. Bxf6+ gxf6 30. Qc5+ Kf7 31. Qxa7+ 1-0


[Site "https://www.chess.com"]

[Event "Titled Tuesday Blitz March 07 Late 2023"]
[White "Garcia Almaguer, Juan Manuel"]
[Black "Yanchenko, Roman"]
[WhiteFideId "5110491"]
[BlackFideId "4137329"]
[WhiteElo "2117"]
[BlackElo "2491"]
[Result "0-1"]
[Round "02"]
[TimeControl "180+2"]
[Date "2023.03.07"]
[WhiteClock "0:00:18"]
[BlackClock "0:01:59"]

1. e4 e6 2. d4 d5 3. e5 c5 4. c3 Qb6 5. Nf3 Bd7 6. Bd3 Bb5 7. Bxb5+ Qxb5 8. Na3 Qd7 9. Nc2 Nc6 10. O-O a6 11. a4 Rc8 12. Re1 h6 13. h4 cxd4 14. Ncxd4 Nge7 15. h5 Nxd4 16. Nxd4 Nc6 17. Qg4 Qc7 18. Bf4 Nxd4 19. cxd4 Qb6 20. Bg3 Qxb2 21. Rab1 Qc3 22. Rec1 Qxc1+ 23. Rxc1 Rxc1+ 24. Kh2 Rc4 25. Qd1 Bb4 26. Qg4 O-O 27. Bh4 Kh8 28. Qf4 b5 29. axb5 axb5 30. Bf6 Kh7 31. Bh4 Bc5 32. Qf3 Bxd4 33. Qd3+ Kg8 34. f4 b4 35. Qg3 Kh8 36. Be7 Re8 37. Bd6 Bc5 38. f5 exf5 39. Bc7 Bg1+ 40. Kxg1 Rxc7 41. Qf4 Rb7 42. Qxf5 b3 43. Qb1 b2 0-1


[Site "https://www.chess.com"]

[Event "Titled Tuesday Blitz March 07 Late 2023"]
[White "Boyer, Mahel"]
[Black "Rego, Pedro Filipe"]
[WhiteFideId "45102422"]
[BlackFideId "1904310"]
[WhiteElo "2439"]
[BlackElo "2193"]
[Result "1-0"]
[Round "02"]
[TimeControl "180+2"]
[Date "2023.03.07"]
[WhiteClock "0:00:03"]
[BlackClock "0:00:07"]

1. e4 c5 2. d3 Nc6 3. g3 g6 4. Bg2 Bg7 5. f4 d6 6. Nf3 Nh6 7. O-O O-O 8. c3 f5 9. h3 e5 10. fxe5 dxe5 11. Be3 c4 12. dxc4 fxe4 13. Ng5 Nf5 14. Qe1 Bh6 15. h4 Qd3 16. Bc5 Bxg5 17. hxg5 Rd8 18. Bxe4 Qxg3+ 19. Qxg3 Nxg3 20. Bd5+ Kh8 21. Rf7 Ne2+ 22. Kh2 Nf4 23. Na3 Be6 24. Rxf4 Bxd5 25. Rf2 Be6 26. Raf1 Bf5 27. Nb5 Rd3 28. Nd6 Rh3+ 29. Kg2 Rh5 30. Nxf5 Rxg5+ 31. Ng3 h5 32. Be3 Rg4 33. Kh3 Ne7 34. Rf7 Re8 35. R1f6 Kg8 36. Bh6 1-0


[Site "https://www.chess.com"]

[Event "Titled Tuesday Blitz March 07 Late 2023"]
[White "Jovic, Stanoje"]
[Black "Iliaguev, Nisim"]
[WhiteFideId "905020"]
[BlackFideId "2817276"]
[WhiteElo "2236"]
[BlackElo "2241"]
[Result "0-1"]
[Round "02"]
[TimeControl "180+2"]
[Date "2023.03.07"]
[WhiteClock "0:00:03"]
[BlackClock "0:01:18"]

1. c4 g6 2. g3 Bg7 3. Bg2 c5 4. Nf3 e6 5. O-O Nc6 6. e4 Nge7 7. Re1 O-O 8. Nc3 d5 9. e5 dxc4 10. Qa4 Nb4 11. Ne4 Bd7 12. Qd1 Nd3 13. Nd6 Nxe1 14. Qxe1 Bc6 15. Nxc4 Nf5 16. b3 b5 17. Ne3 Nd4 18. Nxd4 Bxg2 19. Kxg2 cxd4 20. Ng4 Qd5+ 21. f3 h5 22. Nf6+ Bxf6 23. exf6 Rac8 24. Ba3 Rfd8 25. Be7 Rd7 26. Rc1 Rdc7 27. Rxc7 Rxc7 28. Qb1 d3 29. Qe1 Qd4 30. g4 hxg4 31. Qg3 gxf3+ 32. Kxf3 Rc1 33. Qh3 Qd5+ 0-1


[Site "https://www.chess.com"]

[Event "Titled Tuesday Blitz March 07 Late 2023"]
[White "Carrasco Miranda, Andres"]
[Black "Aldokhin, Ivan"]
[WhiteFideId "3405990"]
[BlackFideId "24115720"]
[WhiteElo "2183"]
[BlackElo "2322"]
[Result "0-1"]
[Round "02"]
[TimeControl "180+2"]
[Date "2023.03.07"]
[WhiteClock "0:00:01"]
[BlackClock "0:00:05"]

1. d4 Nf6 2. c4 g6 3. g3 Bg7 4. Bg2 O-O 5. Nc3 d6 6. Nf3 Nc6 7. O-O Bf5 8. d5 Na5 9. Nd2 c5 10. e4 Bd7 11. Rb1 a6 12. b3 b5 13. Bb2 e6 14. Re1 exd5 15. cxd5 Re8 16. e5 Rxe5 17. Rxe5 dxe5 18. Nde4 Nxe4 19. Nxe4 Qb6 20. Qd2 Rc8 21. h4 b4 22. h5 c4 23. h6 c3 24. Qg5 Bh8 25. d6 Qd8 26. Qxd8+ Rxd8 27. Bc1 Bf5 28. Bg5 Rxd6 29. Re1 Bxe4 30. Bxe4 f5 31. Bg2 e4 32. Bf1 Be5 33. Be3 Nb7 34. Bc4+ Kf8 35. a3 a5 36. axb4 axb4 37. Ra1 Ke7 38. Ra7 Rd7 39. Kg2 c2 40. Bg5+ Bf6 41. Bf4 Bb2 42. Bg5+ Kd6 43. Ra6+ Kc5 44. Be3+ Bd4 45. Bc1 Nd6 46. Be6 Nb5 0-1


[Site "https://www.chess.com"]

[Event "Titled Tuesday Blitz March 07 Late 2023"]
[White "Rytenko, Vsevolod"]
[Black "Needleman, Gaston"]
[WhiteFideId "14133040"]
[BlackFideId "113735"]
[WhiteElo "2262"]
[BlackElo "2382"]
[Result "1-0"]
[Round "02"]
[TimeControl "180+2"]
[Date "2023.03.07"]
[WhiteClock "0:02:10"]
[BlackClock "0:00:53"]

1. e4 c5 2. Nf3 e6 3. d4 cxd4 4. Nxd4 Nc6 5. Nc3 Qc7 6. Ndb5 Qb8 7. Nd5 exd5 8. exd5 Nf6 9. d6 Kd8 10. Bg5 h6 11. Bxf6+ gxf6 12. Qf3 Bg7 13. O-O-O f5 14. Qxf5 a5 15. Qxf7 Bf8 16. Qf6+ Ke8 17. Re1+ 1-0


[Site "https://www.chess.com"]

[Event "Titled Tuesday Blitz March 07 Late 2023"]
[White "Van Dael, Siem"]
[Black "Pfreundt, Jakob"]
[WhiteFideId "1049771"]
[BlackFideId "12918156"]
[WhiteElo "2336"]
[BlackElo "2318"]
[Result "0-1"]
[Round "02"]
[TimeControl "180+2"]
[Date "2023.03.07"]
[WhiteClock "0:00:23"]
[BlackClock "0:00:10"]

1. e4 e6 2. d4 d5 3. Nc3 Nc6 4. Bb5 Bb4 5. e5 Ne7 6. Qg4 Nf5 7. Ne2 Bd7 8. Bg5 Be7 9. Bxe7 Qxe7 10. O-O h5 11. Qf4 Qh4 12. Qxh4 Nxh4 13. Bxc6 Bxc6 14. Ng3 Ng6 15. f4 h4 16. Nge2 Ne7 17. g4 hxg3 18. hxg3 O-O-O 19. Kg2 Rh6 20. Rh1 Rdh8 21. Rxh6 Rxh6 22. Rh1 Rxh1 23. Kxh1 Nf5 24. Kg2 Ne3+ 25. Kf2 Nxc2 26. a3 a5 27. g4 b5 28. Nd1 b4 29. axb4 axb4 30. Ne3 Ba4 31. Nxc2 Bxc2 32. Ke3 Bd1 33. Kd2 Bxe2 34. Kxe2 Kb7 35. b3 c5 36. Kd3 g5 37. fxg5 Kc6 38. dxc5 Kxc5 39. Ke3 d4+ 40. Ke4 d3 41. Kxd3 Kd5 42. g6 fxg6 43. g5 Kxe5 44. Kc4 Kf4 45. Kxb4 e5 46. Kc5 e4 47. b4 e3 48. b5 e2 49. b6 e1=Q 50. b7 Qe5+ 51. Kc6 Kxg5 52. Kb6 Qb8 53. Kc6 Kf5 54. Kb6 g5 0-1


[Site "https://www.chess.com"]

[Event "Titled Tuesday Blitz March 07 Late 2023"]
[White "Figorito, Nick"]
[Black "Hjartarson, Johann"]
[WhiteFideId "30923689"]
[BlackFideId "2300044"]
[WhiteElo "2377"]
[BlackElo "2416"]
[Result "0-1"]
[Round "02"]
[TimeControl "180+2"]
[Date "2023.03.07"]
[WhiteClock "0:00:51"]
[BlackClock "0:00:59"]

1. Nf3 Nf6 2. g3 b5 3. Bg2 Bb7 4. O-O e6 5. b3 Be7 6. Bb2 O-O 7. d3 c5 8. Nbd2 d6 9. a4 b4 10. Nc4 Nc6 11. Re1 Nd7 12. Nfd2 d5 13. Ne3 Bf6 14. Qc1 Rc8 15. Rb1 a5 16. Bxf6 Qxf6 17. Qb2 Qc3 18. Nf3 Qxb2 19. Rxb2 Nd4 20. Kf1 Rfd8 21. Rd1 Ba6 22. Ke1 Nxf3+ 23. Bxf3 Ne5 24. Bg2 c4 25. dxc4 dxc4 26. Rxd8+ Rxd8 27. Rb1 g5 28. Rd1 Rxd1+ 29. Kxd1 Kf8 30. Kd2 Ke7 31. Be4 h6 32. f4 gxf4 33. gxf4 c3+ 34. Ke1 Nd7 35. Bd3 Bxd3 36. exd3 Nb8 37. Nc4 Nc6 38. Ne5 Nd4 39. Kd1 f6 40. Nc4 Nc6 41. Ke2 Kd7 42. Kf3 Nd4+ 43. Kg4 Nxc2 44. Nxa5 Nd4 45. Nc4 c2 0-1


[Site "https://www.chess.com"]